 Dungeon Crawl Stone Soup version 0.25-a0-510-ge065f6de7d (webtiles) character file.

Game seed: 6805825127417838219, levelgen mode: classic

9 EnegeticOcto the Shield-Bearer (level 2, -2/27 HPs)
             Began as a Deep Dwarf Fighter on Feb 15, 2020.
             Slain by Sigmund
             ... wielding a +0 scythe
              (6 damage)
             ... on level 2 of the Dungeon.
             The game lasted 00:00:11 (144 turns).

EnegeticOcto the Shield-Bearer (Deep Dwarf Fighter)  Turns: 144, Time: 00:00:11

Health: -2/27      AC:  6    Str: 19    XL:     2   Next: 6%
Magic:  2/2        EV:  7    Int:  8    God:
Gold:   21         SH:  9    Dex: 12    Spells: 1/1 levels left

rFire    . . .     SeeInvis .   a - +0 war axe
rCold    . . .     Gourm    .   c - +0 kite shield
rNeg     . . .     Faith    .   b - +0 scale mail
rPois    .         Spirit   .   (no helmet)
rElec    .         Reflect  .   (no cloak)
rCorr    .         Harm     .   (no gloves)
MR       .....                  (no boots)
Stlth    ..........             (no amulet)
HPRegen  0.00/turn              (no ring)
MPRegen  0.08/turn              (no ring)

@: non-regenerating
A: damage resistance, heal wounds, sense surroundings 1, no regeneration
a: Heal Wounds


You were on level 2 of the Dungeon.
You were not hungry.

You visited 1 branch of the dungeon, and saw 2 of its levels.

You collected 21 gold pieces.

Inventory:

Hand Weapons
 a - a +0 war axe (weapon)
Armour
 b - a +0 scale mail (worn)
 c - a +0 kite shield (worn)
Scrolls
 f - a scroll of remove curse {unknown}
 g - a scroll of blinking {unknown}
 i - a scroll of teleportation {unknown}
Potions
 d - a potion of might {@q3}
 j - a potion of invisibility {unknown}
Comestibles
 e - 3 rations
 h - 2 chunks of flesh


   Skills:
 + Level 2.8 Fighting
 * Level 2.5 Axes
 + Level 3.3 Armour
 + Level 0.5 Dodging
 + Level 3.4 Shields


You had one spell level left.
You didn't know any spells.
Your spell library was empty.

Dungeon Overview and Level Annotations

Branches:
Dungeon (2/15)

Altars:

Annotations:
D:2 Sigmund


Innate Abilities, Weirdness & Mutations

You are resistant to damage.
You can heal yourself by infusing magical energy.
You passively map a small area around you.
You do not regenerate.


Message History

e - 3 rations (gained 1)
i - a scroll labeled OPPOOTT SOVUHE
j - a murky inky potion You butcher the bat corpse.
h - 2 chunks of flesh (gained 1)
You see here a bat skeleton. x2
(D) Dungeon
Where to? (? - help)
A kobold comes into view.
(D) Dungeon
Where to? (Enter - D:2, ? - help)
A kobold is nearby!
You block the kobold's attack.
You hit the kobold.
You kill the kobold!
No target in view!
No target in view!
No target in view!
No target in view!
No target in view!
No target in view!
No target in view!
No target in view!
(D) Dungeon
Where to? (Enter - D:2, ? - help)
A hobgoblin comes into view. It is wielding a +0 club.
The hobgoblin shouts!
The hobgoblin hits you with a +0 club.
You completely miss the hobgoblin. The hobgoblin hits you with a +0 club.
You slash the hobgoblin!
You kill the hobgoblin!
No target in view!
No target in view!
No target in view!
No target in view!
No target in view!
No target in view!
No target in view!
(D) Dungeon
Where to? (Enter - D:2, ? - help)
There is a stone staircase leading down here.
You climb downwards.
There is a stone staircase leading up here.
A kobold comes into view. It is wielding a +0 short sword.
The kobold shouts!
A kobold is nearby!
A kobold is nearby!
You barely miss the kobold. The kobold hits you but does no damage.
You closely miss the kobold. You block the kobold's attack.
The kobold hits you but does no damage.
You hit the kobold.
You kill the kobold!
No target in view!
No target in view!
No target in view!
No target in view!
No target in view!
No target in view!
You see here a +0 short sword.
You see here a +0 short sword.
A hobgoblin comes into view.
The hobgoblin shouts!
Found 12 gold pieces.
A hobgoblin is nearby!
A rat comes into view.
You block the hobgoblin's attack.
Your scale mail prevents you from hitting the hobgoblin.
The hobgoblin barely misses you.
Sigmund the Dreaded comes into view.
He is wielding a +0 scythe.
Sigmund shouts!
You hit the hobgoblin.
The hobgoblin is moderately wounded.
The hobgoblin barely misses you. You block the hobgoblin's attack.
You barely miss the hobgoblin.
The hobgoblin is moderately wounded.
You block the hobgoblin's attack.
You slash the hobgoblin!
You kill the hobgoblin!
You have reached level 2!
Sigmund mumbles some strange words.
Sigmund flickers and vanishes!
Deactivating autopickup; reactivate with Ctrl-A.
You hit the rat.
You kill the rat!
A magic dart appears from out of thin air!
The magic dart hits you! Something hits you!
You see here a rat corpse.
You closely miss something.
You hear some strange, mumbled words.
A puff of flame appears from out of thin air!
The puff of flame misses you. You block something's attack.
You closely miss something. Something completely misses you.
You hit something. Something hits you but does no damage.
You closely miss something. You block something's attack.
You slash something! Something completely misses you.
You closely miss something. Something hits you!
* * * LOW HITPOINT WARNING * * *
You barely miss something. Something hits you!
You die...

, * , ##. #.. #.#
* * , *, , #.# ,
** *##.## * , ,, ,
,, ... * #######
** #$# *
.<....##### #@#
#...#.....# #†#
#..######.# #.#
.......##.# #.#
#.####.##.######.#
#....#.##........#
####.#.###########
#)#.# #.#.#


There were no monsters in sight!

Vanquished Creatures
  2 goblins (D:1)
  2 hobgoblins
  3 kobolds
  A bat (D:1)
  A rat (D:2)
9 creatures vanquished.

Notes
Turn   | Place    | Note
-------+----------+-------------------------------------------
     0 | D:1      | EnegeticOcto the Deep Dwarf Fighter began the quest for the
                  | Orb.
     0 | D:1      | Reached XP level 1. HP: 20/20 MP: 1/1
   131 | D:2      | Noticed Sigmund
   134 | D:2      | Reached XP level 2. HP: 24/27 MP: 2/2
   144 | D:2      | Slain by Sigmund

Levels and vault maps discovered:
D:1:      sevenhm_arrival_forest_fort_large_4, layout_rooms,
          chequers_serial_rivers_room_b
D:2:      layout_basic, uniq_sigmund

Action                   || total
-------------------------++-------
Melee: War axe           ||    28
Armor: Scale mail        ||     8
Dodge: Dodged            ||     8
Block: Kite shield       ||    12

Table legend:
 A = Non-vault XP
 B = Vault XP
 C = Vault XP percentage of total XP
 D = Non-vault monster count
 E = Vault monster count
 F = Vault count percentage of total count
                 A         B        C        D         E       F
            +---------+---------+-------+---------+---------+-------
      Total |      14 |       0 |   0.0 |       9 |       0 |   0.0
            +---------+---------+-------+---------+---------+-------
        D:1 |      10 |       0 |   0.0 |       6 |       0 |   0.0
        D:2 |       4 |       0 |   0.0 |       3 |       0 |   0.0
            +---------+---------+-------+---------+---------+-------
